 Dungeon Crawl Stone Soup version 0.28-a0-43-g560ac104fe (webtiles) character file.

Game seed: 12702602023116510866

1958 Sobieck the Thaumaturge (level 9, -1/45 HPs)
             Began as a Deep Elf Conjurer on July 28, 2021.
             Was an Initiate of Vehumet.
             Slain by a killer bee (5 damage)
             ... on level 7 of the Dungeon.
             The game lasted 00:12:33 (6706 turns).

Sobieck the Thaumaturge (Deep Elf Conjurer)         Turns: 6706, Time: 00:12:34

Health: -1/45      AC:  5    Str:  4    XL:     9   Next: 0%
Magic:  13/24      EV: 12    Int: 27    God:    Vehumet [......]
Gold:   1469       SH:  0    Dex: 13    Spells: 16/27 levels left

rFire   + + +      SeeInvis .   w - +0 long sword {long}
rCold   + + .      Faith    .   (no shield)
rNeg    . . .      Spirit   .   F - +1 robe {rC+ rF+}
rPois   .          Reflect  .   (no helmet)
rElec   .          Harm     .   v - scarf {rC+ rF+}
rCorr   .          Rampage  .   (no gloves)
Will    .....                   k - +1 pair of boots
Stlth   ++........              (no amulet)
HPRegen 0.15/turn               n - ring of protection from fire
MPRegen 0.19/turn               u - ring of flight

@: mighty, lethally poisoned (-1 -> -11), attractive, flying, hasted, very quick
A: no striking features
a: Renounce Religion


You were on level 7 of the Dungeon.
You worshipped Vehumet.
Vehumet was noncommittal.
You visited 2 branches of the dungeon, and saw 8 of its levels.

You collected 1469 gold pieces.


   Skills:
 - Level 2.4 Dodging
 - Level 2.4 Stealth
 + Level 9.5 Spellcasting
 + Level 8.8 Conjurations
 + Level 8.2 Hexes


You had 16 spell levels left.
You knew the following spells:

 Your Spells              Type           Power      Damage    Failure   Level
a - Magic Dart            Conj           100%       1d8       1%          1
b - Searing Ray           Conj           100%       3d7       1%          2
c - Fulminant Prism       Conj/Hex       28%        3d14      1%          4
d - Iskenderun's Mystic   Conj/Tloc      36%        2d9       8%          4

Your spell library contained the following spells:

 Spells                   Type           Power      Damage    Failure   Level
 Dazzling Flash           Conj/Hex       100%       N/A       1%          3
 Mephitic Cloud           Conj/Pois/Air  28%        N/A       4%          3
 Call Imp                 Summ           12%        N/A       7%          2
 Gell's Gravitas          Tloc           6%         N/A       14%         3
 Lesser Beckoning         Tloc           6%         N/A       14%         3
 Teleport Other           Tloc           12%        N/A       14%         3

Inventory:

Hand Weapons
 c - a +0 spear {polearm}
   (You found it on level 1 of the Dungeon)
 d - a +0 dagger of flaming {short}
   (You took it off a goblin on level 1 of the Dungeon)
 e - a +0 club {mace}
   (You took it off a goblin on level 1 of the Dungeon)
 g - a +0 whip {mace}
   (You found it on level 1 of the Dungeon)
 p - a +2 short sword of freezing {short}
   (You took it off Duvessa on level 5 of the Dungeon)
 w - a +0 long sword (weapon) {long}
   (You found it on level 6 of the Dungeon)
 H - a +2 flail of protection {mace}
   (You took it off Edmund on level 6 of the Dungeon)
Missiles
 b - 40 arrows
 f - 95 bolts
 h - 119 stones {throwing}
 l - 6 atropa-tipped darts {throwing}
 m - 36 sling bullets
 r - 7 boomerangs {throwing}
Armour
 a - a +0 robe
 k - a +1 pair of boots (worn)
   (You found it on level 2 of the Dungeon)
 o - a +0 cloak
   (You found it on level 2 of the Dungeon)
 v - a scarf of resistance (worn)
   (You found it on level 6 of the Dungeon)
 z - a +1 leather armour of cold resistance
   (You took it off Eustachio on level 5 of the Dungeon)
 F - a +1 robe of resistance (worn)
   (You took it off Dowan on level 5 of the Dungeon)
Jewellery
 n - a ring of protection from fire (left hand)
   (You found it on level 5 of the Dungeon)
 u - a ring of flight (right hand)
   (You found it on level 4 of the Dungeon)
Wands
 x - a wand of mindburst (15)
   (You found it on level 6 of the Dungeon)
 I - a wand of digging (4)
   (You took it off Edmund on level 6 of the Dungeon)
Scrolls
 i - 6 scrolls of immolation {!r!r}
 y - a scroll of fear
 A - a scroll of teleportation {@r4}
 D - a scroll of enchant weapon {unknown}
 G - a scroll of magic mapping {unknown}
Potions
 j - 2 potions of brilliance
 q - 2 potions of invisibility
 s - a potion of attraction {!q}
 t - 2 potions of magic
 E - a potion of curing {unknown}

Dungeon Overview and Level Annotations

Branches:
Dungeon (7/15)             Temple (1/1) D:5

Altars:
Dithmenos
Elyvilon
Fedhas
Qazlal
Ru
Trog
Vehumet
Wu Jian
Xom
Yredelemnul
Zin
The Shining One

Annotations:
D:3 exclusion: downstairs
D:5 1 runed translucent door, Crazy Yiuf

...# ..# ..# #.# #.#
#### #.###.....
#####.........
#......######
#.†..y†@..######## #
#.....yy......... .#
.......#.##.####)##.##
.......#.#...........#
.......#.#.......#.
.......#.#.#####.#
....)..#.#.#####.#
.).. #.#.##....#
..#.##.#..#


You could see 3 killer bees.


Message History

A fulminant prism comes into view. 😕 MP[-4]
You lost 4 mp, and now have 19/23 mp.
A killer bee comes into view. x2
Your fulminant prism crackles loudly.
A killer bee comes into view.
The blast of energy engulfs the killer bee!!
You kill the killer bee!
Vehumet accepts your kill.
The blast of energy engulfs the killer bee!!!
You kill the killer bee!
Vehumet accepts your kill.
You hear an angry buzzing noise. x2; You hear a shout! x3
Casting: Fulminant Prism (dangerous; 1% risk of failure)
Confirm with . or Enter, or press ? or * to list all spells.
Aiming: Fulminant Prism (dangerous; 1% risk of failure)
Press: ? - help, Dir - move target You conjure a prism of explosive energy!
A fulminant prism comes into view.
A killer bee comes into view. x2 😕 MP[-4]
You lost 4 mp, and now have 15/23 mp.
The killer bee stings you!
You are poisoned.
The killer bee poisons you!
Your fulminant prism crackles loudly.
A killer bee comes into view. 😮 HP[-8]
You take 8 damage, and now have 29/41 hp.
You feel sick. The killer bee closely misses you.
You riposte.
You miss the killer bee. The killer bee closely misses you.
The killer bee stings you.
You are more poisoned.
The killer bee poisons you!
The blast of energy engulfs the killer bee!
The blast of energy engulfs the killer bee!!
You kill the killer bee!
Vehumet accepts your kill.
The blast of energy engulfs the killer bee!!
You kill the killer bee!
Vehumet accepts your kill.
The blast of energy engulfs the killer bee!!
You kill the killer bee!
Vehumet accepts your kill.
The blast of energy engulfs the killer bee!!
You kill the killer bee!
Vehumet accepts your kill.
Your Hexes skill increases to level 8!
You feel very sick.
A killer bee comes into view. 😮 HP[-6] MP[+1]
You take 6 damage, and now have 23/41 hp.
Casting: Fulminant Prism (dangerous; 1% risk of failure)
Confirm with . or Enter, or press ? or * to list all spells.
Aiming: Fulminant Prism (dangerous; 1% risk of failure)
Press: ? - help, Dir - move target You conjure a prism of explosive energy!
The killer bee buzzes angrily.
A fulminant prism comes into view.
You feel very sick.
The killer bee stings you but does no damage. 😨 HP[-3] MP[-4]
You take 3 damage, and now have 20/41 hp.
You lost 4 mp, and now have 12/23 mp.
It was a potion of attraction.
You feel attractive to monsters.
You feel sick. The killer bee misses you.
A killer bee comes into view.
The killer bee stings you but does no damage.
Your fulminant prism crackles loudly.
The killer bee is pulled toward you! 😨 HP[-2]
You take 2 damage, and now have 18/41 hp.
It was a potion of might.
You feel very mighty all of a sudden.
You feel sick. The killer bee stings you.
* * * LOW HITPOINT WARNING * * *
You are lethally poisoned!
The killer bee poisons you! The killer bee closely misses you.
A killer bee comes into view.
The killer bee stings you.
* * * LOW HITPOINT WARNING * * *
The blast of energy engulfs the killer bee!!
You kill the killer bee!
Vehumet accepts your kill.
The blast of energy engulfs the killer bee!
The killer bee is pulled toward you!
You have reached level 9!
Your experience leads to an increase in your attributes!
Increase (S)trength, (I)ntelligence, or (D)exterity?
You feel clever. 😱 HP[-8]
You now have 45 max hp (+4).
You take 8 damage, and now have 10/45 hp.
It was a potion of haste.
You feel yourself speed up.
* * * LOW HITPOINT WARNING * * *
You feel very sick. The killer bee stings you.
* * * LOW HITPOINT WARNING * * *
The killer bee stings you.
You die...

Skill      XL: |  1  2  3  4  5  6  7  8 |
---------------+-------------------------+-----
Spellcasting   | 4 5 6 8 9 |  9.5
Conjurations   | 5 6 7 8 |  8.8
Hexes          | 3 4 6 8 |  8.2
Dodging        | |  2.4
Stealth        | |  2.4

Action                   |  1- 3 |  4- 6 |  7- 9 || total
-------------------------+-------+-------+-------++-------
 Cast: Magic Dart        |    66 |    69 |    37 ||   172
       Searing Ray       |     3 |     7 |    14 ||    24
       Fulminant Prism   |       |       |    10 ||    10
  Use: Scroll            |       |     8 |     7 ||    15
       Potion            |       |       |     3 ||     3
Armor: Robe              |     2 |     1 |     3 ||     6
Dodge: Dodged            |     3 |     4 |    14 ||    21
       Rpst.: Long sword |       |       |     1 ||     1

Levels and vault maps discovered:
D:1:      elethiomel_arrival_infinity_welcomes_careful_drivers, layout_basic,
          minmay_misc_feat_more_columns, minivault_5, minmay_crystal_room,
          minmay_misc_feat_ornament
D:2:      wad_lake_hut, layout_basic, dilly_ecumenical_altar_fadedgnrine
D:3:      layout_loops_ring, chequers_serial_rivers_micro_e,
          kennysheep_pointless_box, uniq_grinder
D:4:      layout_gridville, mainiacjoe_overflow_cross_hatched,
          mrwooster_statue_mirror
D:5:      layout_cave_pools, marbit_many_paths, nicolae_overflow_hidden_temple,
          temple_green, portal_sewer_entry_b, kennysheep_small_spiral,
          uniq_duvessa, uniq_crazy_yiuf_cottage, uniq_eustachio
D:6:      minmay_spotlight, layout_basic, ebering_dispersal_statue_hall,
          minmay_strange_pillars, minmay_misc_feat_chi, sigmund_edmund_badplayer
D:7:      layout_basic, nzn_wu_jian_council_hall, okawaru_gym_becter, uniq_pikel
Temple:   chequers_temple_sunken

Notes
Turn   | Place    | Note
-------+----------+-------------------------------------------
     0 | D:1      | Sobieck the Deep Elf Conjurer began the quest for the Orb.
     0 | D:1      | Reached XP level 1. HP: 10/10 MP: 6/6
     0 | D:1      | magus.rc [v1.9.6]
   291 | D:1      | Reached XP level 2. HP: 15/15 MP: 5/8
   388 | D:1      | Learned a level 2 spell: Searing Ray
  1108 | D:2      | Reached skill level 4 in Spellcasting
  1374 | D:2      | Found a faded altar of an unknown god.
  1376 | D:2      | Reached skill level 5 in Conjurations
  1376 | D:2      | Reached XP level 3. HP: 19/19 MP: 8/10
  1803 | D:2      | You pick up a book of Minor Magic and begin reading...
  1803 | D:2      | You add the spells Call Imp and Mephitic Cloud to your
                  | library.
  2577 | D:4      | Reached XP level 4. HP: 24/24 MP: 9/12
  2584 | D:3      | Learned a level 4 spell: Fulminant Prism
  2589 | D:3      | Learned a level 4 spell: Iskenderun's Mystic Blast
  2784 | D:5      | Entered Level 5 of the Dungeon
  3185 | D:3      | Reached skill level 1 in Hexes
  3450 | D:3      | Noticed Grinder
  3462 | D:3      | Paralysed by Grinder for 6 turns
  3468 | D:3      | Killed Grinder
  3469 | D:3      | Reached skill level 5 in Spellcasting
  3469 | D:3      | Reached skill level 6 in Conjurations
  3469 | D:3      | Reached skill level 3 in Hexes
  3469 | D:3      | Reached XP level 5. HP: 24/28 MP: 4/15
  3469 | D:3      | Reached XP level 6. HP: 28/32 MP: 4/16
  3618 | D:4      | Identified a scroll of acquirement
  3618 | D:4      | Acquired 1053 gold pieces
  3754 | D:4      | Found a basalt altar of Yredelemnul.
  3944 | D:4      | Reached skill level 6 in Spellcasting
  4414 | D:5      | Reached skill level 4 in Hexes
  4516 | D:5      | Reached XP level 7. HP: 36/36 MP: 13/18
  4613 | D:5      | Noticed Eustachio
  4622 | D:5      | Killed Eustachio
  4623 | D:5      | Reached skill level 7 in Spellcasting
  4623 | D:5      | Reached skill level 5 in Hexes
  4793 | D:5      | Found a staircase to the Ecumenical Temple.
  4799 | Temple   | Entered the Ecumenical Temple
  4820 | Temple   | Became a worshipper of Vehumet
  4861 | D:5      | You pick up a book of Displacement and begin reading...
  4861 | D:5      | You add the spells Lesser Beckoning, Gell's Gravitas and
                  | Teleport Other to your library.
  4914 | D:5      | Reached skill level 7 in Conjurations
  4942 | D:5      | Found a stormy altar of Qazlal.
  5038 | D:5      | Found a bloodstained altar of Trog.
  5057 | D:5      | Noticed Dowan
  5060 | D:5      | Killed Dowan
  5087 | D:5      | Noticed Duvessa
  5096 | D:5      | Killed Duvessa
  5373 | D:5      | Found a runed translucent door.
  5374 | D:5      | Noticed Crazy Yiuf
  5737 | D:6      | Reached skill level 6 in Hexes
  5782 | D:6      | Reached skill level 8 in Spellcasting
  5782 | D:6      | Reached XP level 8. HP: 40/41 MP: 11/22
  6209 | D:6      | Reached skill level 8 in Conjurations
  6447 | D:6      | Noticed Sigmund
  6449 | D:6      | Noticed Edmund
  6457 | D:6      | Killed Sigmund
  6457 | D:6      | Killed Edmund
  6458 | D:6      | Reached skill level 9 in Spellcasting
  6458 | D:6      | Reached skill level 7 in Hexes
  6618 | D:7      | Found an ornate altar of the Wu Jian Council.
  6702 | D:7      | Reached skill level 8 in Hexes
  6705 | D:7      | HP: 9/41 [killer bee (2)]
  6706 | D:7      | Reached XP level 9. HP: 10/45 MP: 12/24
  6706 | D:7      | HP: 4/45 [killer bee (3)]
  6706 | D:7      | Slain by a killer bee

Vanquished Creatures
  Grinder (D:3)
  Sigmund (D:6)
  Eustachio (D:5)
  Edmund (D:6)
  Duvessa (D:5)
  An ogre (D:6)
  A necrophage (D:6)
  2 bullfrogs (D:6)
  3 scorpions
  A water moccasin zombie (D:5)
  Dowan (D:5)
  A water moccasin skeleton (D:6)
  7 killer bees (D:7)
  A bullfrog zombie (D:6)
  2 hounds (D:5)
  A jelly (D:6)
  A bullfrog skeleton (D:5)
  An orc wizard (D:4)
  5 adders
  A howler monkey skeleton (D:7)
  An adder skeleton (D:4)
  4 worms
  A dart slug (D:1)
  5 orcs
  5 bats
  8 endoplasms
  2 giant cockroaches
  7 goblins
  7 hobgoblins
  6 jackals
  4 kobolds
  2 quokkas
  9 ball pythons
  3 frilled lizards
  4 rats
102 creatures vanquished.

Vanquished Creatures (others)
  10 fulminant prisms
  17 plants (D:4)
27 creatures vanquished.

Grand Total: 129 creatures vanquished

Table legend:
 A = Non-vault XP
 B = Vault XP
 C = Vault XP percentage of total XP
 D = Non-vault monster count
 E = Vault monster count
 F = Vault count percentage of total count
                 A         B        C        D         E       F
            +---------+---------+-------+---------+---------+-------
      Total |    1339 |    1459 |  52.1 |      87 |      15 |  14.7
            +---------+---------+-------+---------+---------+-------
        D:1 |      35 |       0 |   0.0 |      19 |       0 |   0.0
        D:2 |      61 |       0 |   0.0 |      18 |       0 |   0.0
        D:3 |      29 |     272 |  90.4 |      15 |       1 |   6.2
        D:4 |      76 |       0 |   0.0 |      13 |       0 |   0.0
        D:5 |     350 |     459 |  56.7 |       7 |       8 |  53.3
        D:6 |     254 |     728 |  74.1 |       6 |       6 |  50.0
        D:7 |     534 |       0 |   0.0 |       9 |       0 |   0.0
            +---------+---------+-------+---------+---------+-------

Illustrated notes

Table legend:
 A = Kills in this place as a percentage of kills in entire the game.
 B = Kills by you in this place as a percentage of kills by you in the entire game.
 C = Kills by friends in this place as a percentage of kills by friends in the entire game.
 D = Other kills in this place as a percentage of other kills in the entire game.
 E = Experience gained in this place as a percentage of experience gained in the entire game.
 F = Experience gained in this place divided by the number of levels of this place that you have seen.
                   A       B       C       D       E      F
               +-------+-------+-------+-------+-------+----------------------
         Total | 100.0 | 100.0 |   N/A |   N/A | 100.0 | 349.8
       Dungeon | 100.0 | 100.0 |   N/A |   N/A | 100.0 | 399.7
               +-------+-------+-------+-------+-------+----------------------

Table legend: (Time is in decaauts)
 A = Elapsed time spent in this place.
 B = Non-inter-level travel time spent in this place.
 C = Inter-level travel time spent in this place.
 D = Time resting spent in this place.
 E = Time spent auto-exploring this place.
 F = Levels seen in this place.
 G = Mean time per level.
                   A        B        C        D        E       F      G
               +--------+--------+--------+--------+--------+-----+--------+
         Total |   6748 |   6476 |    272 |    304 |   5496 |   8 |  843.5 |
       Dungeon |   6712 |   6454 |    258 |    304 |   5484 |   7 |  958.9 |
        Temple |     35 |     21 |     14 |      0 |     12 |   1 |   35.0 |
               +--------+--------+--------+--------+--------+-----+--------+

Top non-repeatable levels by time:
     D:2: 1462 daAuts
     D:5: 1229 daAuts
     D:3: 1116 daAuts
     D:1: 1088 daAuts
     D:6: 1020 daAuts
     D:4: 663 daAuts
     D:7: 131 daAuts
  Temple: 35 daAuts
